 Dungeon Crawl Stone Soup version 0.29.1-15-g9cfb28693d (webtiles) character file.

Game seed: 17617876766986849869

112 LustLizard the Ruffian (level 4, -5/36 HPs)
             Began as a Demigod Transmuter on Mar 29, 2023.
             Killed from afar by a white imp (11 damage)
             ... with a puff of frost
             ... on level 4 of the Dungeon.
             The game lasted 00:06:10 (3794 turns).

LustLizard the Ruffian (Demigod Transmuter)         Turns: 3794, Time: 00:06:10

Health: -5/36      AC:  2    Str: 13 (15) XL:     4   Next: 38%
Magic:  10/10      EV: 12    Int: 14 (15) God:
Gold:   151        SH:  0    Dex: 19 (20) Spells: 0/7 levels left

rFire   . . .      SeeInvis .     - Unarmed
rCold   . . .      Faith    .   (no shield)
rNeg    . . .      Spirit   .   a - +0 robe
rPois   .          Reflect  .   (no helmet)
rElec   .          Harm     .   (no cloak)
rCorr   .          Rampage  .   (no gloves)
Will    .....                   (no boots)
Stlth   ++........              (no amulet)
HPRegen 0.12/turn               f - +6 ring of dexterity
MPRegen 0.12/turn               (no ring)

@: mighty, brilliant, attractive, studying Poison Magic
A: high MP 1, forlorn, divine attributes
a: no special abilities


You were on level 4 of the Dungeon.
You visited 1 branch of the dungeon, and saw 4 of its levels.

You collected 151 gold pieces.

Inventory:

Hand Weapons
 d - a +0 hand axe
Armour
 a - a +0 robe (worn)
Jewellery
 f - a +6 ring of dexterity (left hand)
Scrolls
 h - a scroll of identify {unknown}
 o - a scroll of teleportation {unknown}
Potions
 b - a potion of lignification
 c - a potion of brilliance
 j - a potion of attraction
 k - a potion of haste {unknown}
 l - a potion of invisibility {unknown}
 m - a potion of mutation {unknown}
 n - a potion of heal wounds {unknown}


   Skills:
 + Level 1.7 Fighting
 - Level 1.7 Dodging
 * Level 3.6 Unarmed Combat
 + Level 2.2 Spellcasting
 * Level 2.8 Transmutations
 * Level 0.3 Ice Magic


You couldn't memorise any spells.
You knew the following spells:

 Your Spells              Type           Power      Damage    Failure   Level
a - Beastly Appendage     Tmut           28%        N/A       8%          1
b - Wereblood             Tmut           14%        N/A       11%         2
c - Ice Form              Ice/Tmut       9%         N/A       75%         4

Your spell library contained the following spells:

 Spells                   Type           Power      Damage    Failure   Level
 Spider Form              Tmut/Pois      8%         N/A       36%         3


Dungeon Overview and Level Annotations

Branches:
Dungeon (3/15)


Innate Abilities, Weirdness & Mutations

You have an increased reservoir of magic. (+10% MP)
You shall have no god before yourself.
Your divine heritage dramatically boosts your attributes as you level up.


Message History

You hit the white imp.
The white imp is heavily wounded.
You hit the white imp but do no damage.
The white imp is heavily wounded.
The white imp gestures at you. The puff of frost hits you!
You hit the white imp.
The white imp is almost dead.
The white imp gestures at you. The puff of frost hits you!
You hit the white imp but do no damage.
The white imp is almost dead.
The white imp barely misses you.
As you read the scroll labelled OMATZA ZAMUBU, it crumbles to dust.
Wisps of shadow whirl around you...
It was a scroll of summoning.
The white imp hits you. The white imp freezes you.
* * * LOW HITPOINT WARNING * * *
Okay, then.
It was a potion of brilliance.
You feel clever all of a sudden. The white imp hits you.
* * * LOW HITPOINT WARNING * * *
The white imp freezes you.
* * * LOW HITPOINT WARNING * * *
Your endoplasm hits the ogre.
It was a potion of attraction.
You feel attractive to monsters.
The white imp shouts, "Remove thy stench, thou fobbing full-gorged bounder!"
The white imp barely misses you.
Your endoplasm hits the ogre.
It was a potion of degeneration.
There was something very wrong with that liquid.
You feel weakened.
You feel dopey.
You feel clumsy. The white imp gestures at you. The puff of frost misses you.
Your endoplasm hits the ogre but does no damage.
It was a potion of might.
You feel very mighty all of a sudden. The white imp gestures at you.
The puff of frost hits you!
You die...

#.# #.# #.#
#.##########
#....O.....#
##########.#
......JO#
#######5#
#@# ###


You could see an ogre (ally target), a white imp and a friendly endoplasm
(summoned).

Vanquished Creatures
  An adder (D:2)
  5 gnolls
  2 dart slugs
  5 ball pythons
  6 bats
  5 endoplasms
  2 giant cockroaches (D:1)
  5 goblins
  3 hobgoblins
  7 kobolds
  2 quokkas (D:1)
  2 frilled lizards
  6 rats
51 creatures vanquished.

Notes
Turn   | Place    | Note
-------+----------+-------------------------------------------
     0 | D:1      | LustLizard the Demigod Transmuter began the quest for the
                  | Orb.
     0 | D:1      | Reached XP level 1. HP: 15/15 MP: 5/5
   197 | D:1      | Reached skill level 1 in Fighting
   837 | D:1      | Noticed a floating eye
   855 | D:1      | Noticed an eye of devastation
   858 | D:1      | Noticed a shining eye
   858 | D:1      | Noticed an eye of devastation
   867 | D:1      | Reached XP level 2. HP: 21/23 MP: 5/7
   890 | D:1      | Learned a level 2 spell: Wereblood
   969 | D:1      | Reached skill level 3 in Unarmed Combat
  1626 | D:2      | Reached XP level 3. HP: 28/28 MP: 6/8
  2373 | D:2      | Reached XP level 4. HP: 7/35 MP: 8/10
  2958 | D:2      | Learned a level 4 spell: Ice Form
  3673 | D:3      | You fall into a shaft and drop 1 floor!
  3721 | D:4      | Noticed an ogre
  3794 | D:4      | Killed from afar by a white imp

Illustrated notes

Levels and vault maps discovered:
D:1:      minmay_arrival_jagged, layout_rooms,
          hellmonk_ecumenical_altar_watching_god, hex_medium
D:2:      layout_basic
D:3:      minmay_chambers_of_threes, layout_basic, amcnicky_mini_pool_small
D:4:      layout_basic, nemelex_dance_club_becter, okawaru_altar_gauntlet_db,
          minmay_temple_entry_glassed_door, minmay_ruptured, uniq_sigmund

Skill      XL: |  1  2 |
---------------+-------+-----
Fighting       | 1 |  1.7
Transmutations | 2 |  2.8
Unarmed Combat | 3 |  3.6
Spellcasting   | 2 |  2.2
Dodging        | |  1.7
Ice Magic      | |  0.3

Action                   |  1- 3 |  4- 6 || total
-------------------------+-------+-------++-------
Melee: Unarmed           |   109 |    36 ||   145
       Headbutt          |    15 |     4 ||    19
       Kick              |    12 |     5 ||    17
       Punch             |     1 |     2 ||     3
 Cast: Beastly Appendage |    28 |     6 ||    34
       Wereblood         |     5 |       ||     5
  Use: Potion            |       |     4 ||     4
       Scroll            |       |     1 ||     1
Armor: Robe              |    22 |     2 ||    24
Dodge: Dodged            |    57 |    25 ||    82
